 Dungeon Crawl Stone Soup version 0.26.1-2-gb8aa6d0cf2 (webtiles) character file.

Game seed: 10730470513095586251

32 Gadfly the Firebug (level 3, 0/19 HPs)
             Began as a Deep Elf Fire Elementalist on Feb 20, 2021.
             Slain by a hobgoblin
             ... wielding a cursed +0 club
              (2 damage)
             ... on level 1 of the Dungeon.
             The game lasted 00:03:17 (1637 turns).

Gadfly the Firebug (Deep Elf Fire Elementalist)     Turns: 1637, Time: 00:03:17

Health: 0/19       AC:  3    Str:  5    XL:     3   Next: 8%
Magic:  5/9        EV: 13    Int: 20    God:
Gold:   63         SH:  0    Dex: 15    Spells: 4/8 levels left

rFire    . . .     SeeInvis .   d - +0 dagger
rCold    . . .     Faith    .   (no shield)
rNeg     . . .     Spirit   .   a - +0 robe
rPois    .         Reflect  .   c - +0 helmet
rElec    .         Harm     .   (no cloak)
rCorr    +         Rampage  .   (no gloves)
Will     .....                  (no boots)
Stlth    ++........             (no amulet)
HPRegen  0.06/turn              g - ring of resist corrosion
MPRegen  0.11/turn              (no ring)

@: no status effects
A: no striking features
a: no special abilities


You were on level 1 of the Dungeon.
You visited 1 branch of the dungeon, and saw 2 of its levels.

You collected 63 gold pieces.

Inventory:

Hand Weapons
 d - a +0 dagger (weapon)
Armour
 a - a +0 robe (worn)
 c - a +0 helmet (worn)
Jewellery
 g - a ring of resist corrosion (left hand)
Scrolls
 b - 2 scrolls of identify
 f - 2 scrolls of teleportation
Potions
 j - a potion of heal wounds


   Skills:
 + Level 0.2 Fighting
 * Level 3.0 Dodging
 - Level 2.4 Stealth
 + Level 3.2 Spellcasting
 * Level 1.4 Conjurations
 + Level 3.3 Fire Magic
 * Level 1.2 Earth Magic
 * Level 1.1 Evocations


You had 4 spell levels left.
You knew the following spells:

 Your Spells              Type           Power        Failure   Level
a - Foxfire               Conj/Fire      48%          5%          1
b - Conjure Flame         Conj/Fire      12%          16%         3

Your spell library contained the following spells:

 Spells                   Type           Power        Failure   Level
 Inner Flame              Hex/Fire       9%           22%         3
 Sticky Flame             Conj/Fire      12%          45%         4
 Fireball                 Conj/Fire      6%           82%         5


Dungeon Overview and Level Annotations

Branches:
Dungeon (2/15)

Altars:

Annotations:
D:2 Sigmund


Message History

The hobgoblin hits you but does no damage.
Nothing appears to happen.
The foxfire hits the hobgoblin.
The hobgoblin is lightly wounded.
The hobgoblin hits you with a +0 club.
You conjure some foxfire!
The hobgoblin misses you.
Nothing appears to happen.
The foxfire hits the hobgoblin.
The hobgoblin is severely wounded.
The hobgoblin hits you with a +0 club. The hobgoblin closely misses you.
You are too injured to fight recklessly!
The hobgoblin hits you with a cursed +0 club.
* * * LOW HITPOINT WARNING * * *
The hobgoblin hits you with a cursed +0 club.
* * * LOW HITPOINT WARNING * * *
The hobgoblin hits you but does no damage.
Okay, then.
Casting: Foxfire (safe; 5% risk of failure)
Confirm with . or Enter, or press ? or * to list all spells.
You conjure some foxfire!
The hobgoblin hits you with a cursed +0 club.
You die...

#######...######..##......#
#...
#........#######.###......#
####
#......)............#######
#...................#
#...................#
#...................#
#.).................#
#................v..#
#...............@v..#
#.#####.........g...# #'##
##'##......g...# ...#
#...###.###.#### ...# #...#
#..##.# ...# #...# ##.##.#
...# #†..# #.##.# ...#
#...# #..#.# ...# #...#
##.#.#


You could see 2 hobgoblins.

Vanquished Creatures
  2 dart slugs (D:1)
  A leopard gecko (D:1)
  4 bats (D:1)
  5 hobgoblins
  A ball python (D:1)
  2 frilled lizards (D:1)
  4 goblins
  3 kobolds
  4 rats (D:1)
26 creatures vanquished.

Vanquished Creatures (others)
  113 foxfires
113 creatures vanquished.

Grand Total: 139 creatures vanquished

Notes
Turn   | Place    | Note
-------+----------+-------------------------------------------
     0 | D:1      | Gadfly the Deep Elf Fire Elementalist began the quest for
                  | the Orb.
     0 | D:1      | Reached XP level 1. HP: 10/10 MP: 6/6
   246 | D:1      | Reached XP level 2. HP: 15/15 MP: 0/8
   654 | D:1      | Reached skill level 1 in Earth Magic
  1466 | D:1      | Reached skill level 1 in Evocations
  1573 | D:2      | Noticed Sigmund
  1575 | D:2      | Reached XP level 3. HP: 19/19 MP: 7/9
  1615 | D:1      | Learned a level 3 spell: Conjure Flame
  1637 | D:1      | Slain by a hobgoblin

Illustrated notes

Levels and vault maps discovered:
D:1:      roderic_crossed_star, layout_basic, nrook_uturn
D:2:      layout_loops_ring, uniq_jessica, uniq_sigmund

Skill      XL: |  1  2 |
---------------+-------+-----
Earth Magic    | 1 |  1.2
Dodging        | 3 |  3.0
Evocations     | 1 |  1.1
Fighting       | |  0.2
Stealth        | |  2.4
Spellcasting   | |  3.2
Conjurations   | |  1.4
Fire Magic     | |  3.3

Action                   || total
-------------------------++-------
Melee: Dagger            ||    14
 Cast: Foxfire           ||    80
  Use: Scroll            ||     5
 Stab: Sleeping          ||     1
Armor: Robe              ||     4
Dodge: Dodged            ||    17
